 Dungeon Crawl Stone Soup version 0.27.1 (webtiles) character file.

Game seed: 9235496794330574770

3976 Ishikawa the Chopper (level 10, -1/74 HPs)
             Began as a Demonspawn Fighter on Aug 26, 2021.
             Was a Follower of Sif Muna.
             Slain by a kobold brigand (3 damage)
             ... on level 8 of the Dungeon.
             The game lasted 00:21:31 (9619 turns).

Ishikawa the Chopper (Demonspawn Fighter)           Turns: 9619, Time: 00:21:31

Health: -1/74      AC: 12    Str: 23    XL:     10   Next: 2%
Magic:  0/15       EV:  9    Int: 12    God:    Sif Muna [*.....]
Gold:   285        SH: 10    Dex: 13    Spells: 12/16 levels left

rFire    . . .     SeeInvis .   v - +4 hand axe (freeze)
rCold    . . .     Faith    .   c - +0 kite shield
rNeg     . . .     Spirit   +   b - +2 scale mail
rPois    .         Reflect  .   j - +2 helmet
rElec    .         Harm     .   (no cloak)
rCorr    .         Rampage  .   (no gloves)
Will     .....                  (no boots)
Stlth    +.........             m - amulet of guardian spirit
HPRegen  0.22/turn              q - +6 ring of strength
MPRegen  0.28/turn              (no ring)

@: no status effects
A: claws 2, powered by pain 2, magic regeneration
a: Renounce Religion, Channel Magic


You were on level 8 of the Dungeon.
You worshipped Sif Muna.
Sif Muna was aware of your devotion.
You visited 2 branches of the dungeon, and saw 9 of its levels.

You collected 285 gold pieces.

Inventory:

Hand Weapons
 a - a +0 war axe
 v - a +4 hand axe of freezing (weapon)
Armour
 b - a +2 scale mail (worn)
 c - a +0 kite shield (worn)
 j - a +2 helmet (worn)
 w - a +2 leather armour of poison resistance
 z - +0 steam dragon scales
Jewellery
 m - an amulet of guardian spirit (around neck)
 q - a +6 ring of strength (left claw)
Wands
 f - a wand of iceblast (2)
 n - a wand of polymorph (4)
 t - a wand of charming (5)
 A - a wand of mindburst (24)
Scrolls
 e - 2 scrolls of fear
 g - 6 scrolls of identify
 k - a scroll of holy word {unknown}
 l - a scroll of vulnerability {unknown}
 p - 2 scrolls of teleportation
 u - a scroll of noise {unknown}
 x - a scroll of enchant weapon {unknown}
 y - a scroll of fog {unknown}
Potions
 d - a potion of might
 h - a potion of haste
 i - a potion of ambrosia
 o - a potion of flight {unknown}
 r - a potion of mutation {unknown}
 s - a potion of degeneration {unknown}
 B - a potion of resistance {unknown}
 C - a potion of brilliance {unknown}


   Skills:
 * Level 5.4 Fighting
 * Level 7.2 Axes
 * Level 5.9 Armour
 * Level 3.5 Dodging
 * Level 4.1 Stealth
 * Level 5.3 Shields
 * Level 3.6 Spellcasting
 * Level 4.2 Necromancy


You had 12 spell levels left.
You knew the following spells:

 Your Spells              Type           Power      Damage    Failure   Level
a - Pain                  Necr           48%        1d6       32%         1
b - Vampiric Draining     Necr           6%         2d6       69%         3

Your spell library contained the following spells:

 Spells                   Type           Power      Damage    Failure   Level
 Corpse Rot               Necr/Air       N/A        N/A       75%         2
 Ignite Poison            Fire/Tmut/Pois 2%         N/A       99%         3


Dungeon Overview and Level Annotations

Branches:
Dungeon (8/15)             Temple (1/1) D:6
   Lair: D:8-11

Altars:
Ashenzari
Cheibriados
Dithmenos
Elyvilon
Fedhas
Gozag
Hepliaklqana
Kikubaaqudgha
Makhleb
Nemelex Xobeh
Okawaru
Qazlal
Ru
Sif Muna
Uskayaw
Vehumet
Xom
Yredelemnul
Zin
The Shining One


Innate Abilities, Weirdness & Mutations

You have very sharp fingernails.
You sometimes gain power by taking damage.
You regenerate magic rapidly.


Message History

The steam dragon breathes steam at you. The ball of steam hits you.
* * * LOW HITPOINT WARNING * * *
The steam dragon closely misses you. The steam dragon claws you.
* * * LOW HITPOINT WARNING * * *
You barely miss the steam dragon.
The steam dragon is severely wounded.
You are engulfed in a cloud of scalding steam.
You block the steam dragon's attack. x2
You hit the steam dragon. You freeze the steam dragon.
The steam dragon is almost dead.
The steam dragon bites you but does no damage.
The steam dragon barely misses you.
You slash the steam dragon! You freeze the steam dragon.
You kill the steam dragon!
Sif Muna accepts your kill.
You can now call upon Sif Muna for magical energy.
You have reached level 10!
Your demonic ancestry asserts itself...
Your fingernails sharpen.
You hit the kobold. You freeze the kobold.
You kill the kobold!
Sif Muna accepts your kill.
The kobold throws a poisoned dart.
You block the poisoned dart.
Your shield prevents you from hitting the kobold.
The kobold barely misses you.
You slash the kobold! You freeze the kobold.
You kill the kobold!
Sif Muna accepts your kill.
You barely miss the kobold. You hit the kobold brigand.
You freeze the kobold brigand.
The kobold brigand is lightly wounded.
You slash the kobold brigand! You freeze the kobold brigand.
The kobold brigand is severely wounded.
The kobold brigand goes berserk!
The kobold brigand hits you with the +8 Wrath of Trog {antimagic, *Rage Rampage}!!
* * * LOW HITPOINT WARNING * * *
You feel your power leaking away.
The kobold brigand hits you with the +8 Wrath of Trog {antimagic, *Rage Rampage}.
You die...

##.. .... ...##
... .. #..# ..#
... ##.####.# #..
#.......# #.##
#.....## #...#
#......##
#<.##.......#
#.....#@##.#
##..###K##..#
#.<)..KKK##.#
#.#....K.. .. ...
#..............
..
#.#.............
##..
..#.........###..
.....##.........#
#..# .......


You could see a kobold brigand (berserk) and 4 kobolds.

Vanquished Creatures
  A two-headed ogre (D:7)
  Joseph (D:7)
  Grinder (D:6)
  Menkaure (D:7)
  2 steam dragons
  Edmund (D:6)
  2 ice beasts (D:6)
  An ogre (D:5)
  3 centaurs
  A phantom (D:5)
  A kobold brigand (D:6)
  A bullfrog (D:7)
  A wyvern zombie (D:6)
  4 scorpions
  A water moccasin zombie (D:7)
  6 killer bees (D:7)
  5 wights (D:6)
  2 howler monkeys
  2 centaur skeletons
  3 hounds
  4 jellies
  An iron imp (D:3)
  An orc priest (D:6)
  3 iguanas (D:5)
  4 orc wizards
  A killer bee zombie (D:7)
  2 hound skeletons
  4 gnolls
  7 adders
  An ufetubus (D:5)
  5 dart slugs
  20 orcs
  2 ball pythons
  5 bats (D:1)
  10 endoplasms
  7 giant cockroaches
  2 goblins (D:4)
  5 hobgoblins
  2 jackals (D:3)
  13 kobolds
  2 quokkas
  7 frilled lizards
  4 rats
152 creatures vanquished.

Vanquished Creatures (others)
  Duvessa (D:6)
  Dowan (D:6)
  An orc (D:7)
3 creatures vanquished.

Grand Total: 155 creatures vanquished

Notes
Turn   | Place    | Note
-------+----------+-------------------------------------------
     0 | D:1      | Ishikawa the Demonspawn Fighter began the quest for the
                  | Orb.
     0 | D:1      | Reached XP level 1. HP: 18/18 MP: 1/1
   387 | D:1      | Got Eteneg's Tome of Ghastly Poisoning
   439 | D:1      | Gained mutation: You regenerate magic rapidly. [demonic
                  | ancestry]
   439 | D:1      | Reached XP level 2. HP: 24/24 MP: 2/2
   568 | D:1      | Reached skill level 2 in Axes
  1156 | D:2      | Gained mutation: You have sharp fingernails. [demonic
                  | ancestry]
  1156 | D:2      | Reached XP level 3. HP: 29/29 MP: 3/3
  1591 | D:2      | Found a faded altar of an unknown god.
  2295 | D:3      | Reached XP level 4. HP: 21/35 MP: 4/4
  2906 | D:3      | Noticed a centaur
  2919 | D:3      | Killed a centaur
  2920 | D:3      | Reached skill level 3 in Axes
  2920 | D:3      | Reached skill level 1 in Stealth
  2920 | D:3      | Reached skill level 1 in Spellcasting
  2920 | D:3      | Reached XP level 5. HP: 27/41 MP: 6/6
  3023 | D:3      | Learned a level 1 spell: Pain
  3192 | D:3      | Reached skill level 1 in Dodging
  3199 | D:3      | Found a snail-covered altar of Cheibriados.
  3736 | D:4      | Gained mutation: You sometimes gain a little power by
                  | taking damage. [demonic ancestry]
  3736 | D:4      | Reached XP level 6. HP: 45/47 MP: 8/8
  3929 | D:4      | Reached skill level 1 in Necromancy
  4884 | D:5      | Entered Level 5 of the Dungeon
  4907 | D:5      | Reached skill level 4 in Axes
  4907 | D:5      | Reached XP level 7. HP: 30/53 MP: 7/9
  5639 | D:5      | Learned a level 3 spell: Vampiric Draining
  6059 | D:5      | Gained mutation: You sometimes gain power by taking damage.
                  | [demonic ancestry]
  6059 | D:5      | Reached XP level 8. HP: 47/60 MP: 8/11
  6241 | D:6      | Reached skill level 5 in Axes
  6295 | D:6      | Killed Dowan
  6828 | D:6      | Noticed Edmund
  6839 | D:6      | Killed Edmund
  6958 | D:6      | Killed Duvessa
  6963 | D:6      | Found a staircase to the Ecumenical Temple.
  6974 | Temple   | Entered the Ecumenical Temple
  7071 | Temple   | Became a worshipper of Sif Muna the Loreminder
  7549 | D:6      | Noticed Grinder
  7565 | D:6      | Killed Grinder
  7566 | D:6      | Reached skill level 6 in Axes
  7566 | D:6      | Reached skill level 5 in Armour
  7566 | D:6      | Reached XP level 9. HP: 34/66 MP: 11/13
  8011 | D:7      | HP: 3/66 [centaur/arrow (3)]
  8014 | D:7      | HP: 1/66 [centaur (1)]
  8019 | D:7      | HP: 1/66 [centaur (1)]
  8358 | D:7      | Noticed Menkaure
  8376 | D:7      | Killed Menkaure
  8776 | D:7      | Noticed Joseph
  8797 | D:7      | Killed Joseph
  8798 | D:7      | Reached skill level 5 in Fighting
  9013 | D:7      | Reached skill level 5 in Shields
  9535 | D:8      | Noticed a two-headed ogre
  9545 | D:7      | Killed a two-headed ogre
  9546 | D:7      | Reached skill level 7 in Axes
  9613 | D:8      | Reached * piety under Sif Muna
  9614 | D:8      | Gained mutation: You have very sharp fingernails. [demonic
                  | ancestry]
  9614 | D:8      | Reached XP level 10. HP: 20/74 MP: 8/15
  9619 | D:8      | HP: 2/74 [kobold brigand (19)]
  9619 | D:8      | Slain by a kobold brigand

Illustrated notes

Levels and vault maps discovered:
D:1:      lightli_arrival_lavapool, layout_loops_ring
D:2:      layout_basic, hellmonk_ecumenical_altar_leap_of_faith,
          serial_park_tiny_1, columned_hall_lemuel, mrwooster_statue_mirror,
          st_stairs_13, roderic_st_hans_cross
D:3:      layout_basic, chei_slow_surprise, zin_statuary, grunt_decor_cap,
          minmay_misc_feat_square, hex_large
D:4:      layout_basic
D:5:      layout_gridville, tso_metal_star
D:6:      layout_loops_cross, minmay_temple_entry_slanted, lemuel_old_faithful,
          uniq_edmund, uniq_grinder, uniq_duvessa
D:7:      layout_rooms, roderic_roman_lattice, uniq_menkaure, uniq_joseph
D:8:      layout_rooms, kennysheep_mini, overflow_temple_1_default,
          ebering_ghost_inner_flame, onia_ninara_dug_in_and_dangerous
Temple:   minmay_crystal_spiral_temple

Skill      XL: |  1  2  3  4  5  6  7  8  9 |
---------------+----------------------------+-----
Axes           | 2 3 4 6 7 |  7.2
Armour         | 3 4 5 |  5.9
Shields        | 3 4 5 |  5.3
Stealth        | 1 2 3 4 |  4.1
Spellcasting   | 1 2 3 |  3.6
Dodging        | 1 2 3 |  3.5
Necromancy     | 1 2 3 4 |  4.2
Fighting       | 4 5 |  5.4

Action                   |  1- 3 |  4- 6 |  7- 9 | 10-12 || total
-------------------------+-------+-------+-------+-------++-------
Melee: War axe           |   125 |   167 |   196 |       ||   488
       Hand axe          |       |       |   194 |     6 ||   200
  Use: Scroll            |     4 |       |     2 |       ||     6
       Potion            |       |       |     3 |       ||     3
Armor: Scale mail        |    86 |    92 |   184 |       ||   362
Dodge: Dodged            |    30 |    51 |   152 |     1 ||   234
Block: Kite shield       |    60 |    78 |   196 |     1 ||   335
